 Dungeon Crawl Stone Soup version 0.23.1 (webtiles) character file.

Game seed: 0

78 EtherCrawl the Cudgeler (level 4, -2/44 HPs)
             Began as a Troll Berserker on Mar 13, 2019.
             Was a Believer of Trog.
             Killed from afar by Sigmund (7 damage)
             ... with a puff of flame
             ... on level 2 of the Dungeon.
             The game lasted 00:02:20 (1161 turns).

EtherCrawl the Cudgeler (Troll Berserker)           Turns: 1161, Time: 00:02:20

Health: -2/44      AC:  6    Str: 25    XL:     4   Next: 15%
Magic:  3/3        EV: 10    Int:  4    God:    Trog [**....]
Gold:   73         SH:  0    Dex:  9    Spells: 3/3 levels left

rFire    . . .     SeeInvis .   a - +0 mace
rCold    . . .     Gourm    +   (no shield)
rNeg     . . .     Faith    .   b - +0 animal skin
rPois    .         Spirit   .   (helmet restricted)
rElec    .         Reflect  .   (no cloak)
rCorr    .         Harm     .   (gloves unavailable)
MR       .....                  (boots unavailable)
Stlth    +.........             (no amulet)
HPRegen  0.54/turn              (no ring)
MPRegen  0.08/turn              (no ring)

@: confused
A: large, unfitting armour, claws 3, fast metabolism 3, gourmand, regeneration
1, shaggy fur 1, tough skin 3
a: Berserk, Trog's Hand, Renounce Religion


You were on level 2 of the Dungeon.
You worshipped Trog.
Trog was pleased with you.
You were very full.

You visited 1 branch of the dungeon, and saw 2 of its levels.

You collected 73 gold pieces.

Inventory:

Hand Weapons
 a - a +0 mace (weapon)
Armour
 b - a +0 animal skin (worn)
Scrolls
 d - 2 scrolls of blinking {unknown}
 g - a scroll of enchant weapon {unknown}
 h - 2 scrolls of remove curse {unknown}
Potions
 e - 2 potions of curing {unknown}
 f - a potion of heal wounds {unknown}
 i - a potion of degeneration {unknown}
 j - a potion of invisibility {unknown}
Comestibles
 c - 5 rations
 k - 14 chunks of flesh


   Skills:
 + Level 2.9 Fighting
 * Level 3.7 Maces & Flails
 + Level 1.4 Throwing
 - Level 2.4 Dodging


You had 3 spell levels left.
You didn't know any spells.
Your spell library was empty.

Dungeon Overview and Level Annotations

Branches:
Dungeon (2/15)

Altars:

Annotations:
D:2 Sigmund


Innate Abilities, Weirdness & Mutations

You are too large for most types of armour.
You have claws for hands.
Your metabolism is lightning-fast.
You like to eat raw meat.
Your natural rate of healing is unusually fast.
You are covered in fur. (AC +1)
You have extremely tough skin. (AC +3)


Message History

You are too injured to fight recklessly!
Unknown command.
You're too confused!
You hit Sigmund.
Sigmund is almost dead.
Sigmund hits you with a +2 scythe of flaming.
* * * LOW HITPOINT WARNING * * *
Sigmund burns you.
* * * LOW HITPOINT WARNING * * *
Some of the chunks of flesh in your inventory have rotted away.
You're too confused!
You closely miss Sigmund.
Sigmund is almost dead.
Sigmund hits you with a +2 scythe of flaming.
* * * LOW HITPOINT WARNING * * *
Sigmund burns you.
* * * LOW HITPOINT WARNING * * *
Sigmund points at you and mumbles some strange words.
The puff of flame hits you!
You die...

### ... ..#
#.####
#.#.. #
##...#
..#.##....#
.......@@.#
...##....+
##.#$#
#.<.# ###.#
#... ##.##
.. ###


You could see Sigmund.

Vanquished Creatures
  4 gnolls (D:1)
  4 dart slugs (D:1)
  A leopard gecko (D:1)
  2 bats (D:1)
  A giant cockroach (D:1)
  4 goblins (D:1)
  3 hobgoblins (D:1)
  4 jackals (D:1)
  3 frilled lizards (D:1)
  2 kobolds (D:1)
  5 rats (D:1)
33 creatures vanquished.

Notes
Turn   | Place    | Note
-------+----------+-------------------------------------------
     0 | D:1      | EtherCrawl the Troll Berserker began the quest for the Orb.
     0 | D:1      | Reached XP level 1. HP: 22/22 MP: 0/0
   109 | D:1      | Reached skill level 3 in Maces & Flails
   110 | D:1      | Reached XP level 2. HP: 28/29 MP: 1/1
   485 | D:1      | Reached skill level 1 in Throwing
   547 | D:1      | Reached ** piety under Trog
   547 | D:1      | Reached XP level 3. HP: 36/36 MP: 2/2
   971 | D:1      | HP: 1/36 [gnoll/+0 halberd (15)]
  1042 | D:2      | Noticed Sigmund
  1051 | D:1      | Reached XP level 4. HP: 4/44 MP: 3/3
  1051 | D:1      | HP: 2/44 [hobgoblin/+0 club (2)]
  1161 | D:2      | Killed from afar by Sigmund

Skill      XL: |  1  2 |
---------------+-------+-----
Maces & Flails | 3 |  3.7
Throwing       | 1 |  1.4
Fighting       | |  2.9
Dodging        | |  2.4

Action                   |  1- 3 |  4- 6 || total
-------------------------+-------+-------++-------
Melee: Mace              |   103 |    23 ||   126
 Stab: Sleeping          |     1 |       ||     1
  Eat: Chunk             |    15 |     1 ||    16
Armor: Animal skin       |    67 |     9 ||    76
Dodge: Dodged            |    85 |     7 ||    92
